 Dungeon Crawl Stone Soup version 0.18-b1-18-g7758cf2 (webtiles) character file.

224 oplop the Chiller (level 6, -1/41 HPs)
             Began as a Merfolk Ice Elementalist on May 2, 2016.
             Slain by an orc wizard
             ... wielding a +0 dagger of venom
              (2 damage)
             ... on level 3 of the Dungeon.
             The game lasted 00:25:39 (3700 turns).

oplop the Chiller (Merfolk Ice Elementalist)        Turns: 3700, Time: 00:25:40

Health: -1/41      AC:  1    Str: 12    XL:     6   Next: 0%
Magic:  8/11       EV: 15    Int: 14    God:
Gold:   99         SH:  0    Dex: 15    Spells: 2 memorised, 8 levels left

rFire  . . .     SeeInvis .     u - +0 dagger (venom)
rCold  . . .     Gourm    .     a - +0 robe
rNeg   . . .     Faith    .     (no shield)
rPois  .         Spirit   .     (no helmet)
rElec  .         Dismiss  .     (no cloak)
rCorr  .         Reflect  .     (no gloves)
SustAt .         Harm     .     (no boots)
MR     .....                    (no amulet)
Stlth  ++........               (no ring)
                                (no ring)

@: lethally poisoned (-1 -> -13), flying, very slightly contaminated, not
resistant to hostile enchantments, unstealthy
A: change form in water, swift swim, deformed body, slow regeneration 1, strong
1
a: no special abilities


You were on level 3 of the Dungeon.
You were not hungry.

You visited 1 branch of the dungeon, and saw 3 of its levels.

You collected 99 gold pieces.

Inventory:

Hand Weapons
 f - a +0 short sword
 u - a +0 dagger of venom (weapon)
Armour
 a - a +0 robe (worn)
Scrolls
 e - a scroll of blinking {unknown}
 g - a scroll of teleportation {unknown}
 h - a scroll of enchant armour {unknown}
 i - 2 scrolls of fear {unknown}
 l - a scroll of magic mapping {unknown}
 m - a scroll of enchant weapon {unknown}
 o - a scroll of fog {unknown}
 p - a scroll of recharging {unknown}
 q - 2 scrolls of remove curse {unknown}
 r - 2 scrolls of identify {unknown}
 s - a scroll of immolation {unknown}
 v - a scroll of holy word {unknown}
Potions
 d - a potion of haste
 j - a potion of lignification {unknown}
 k - a potion of agility {unknown}
 n - 2 potions of flight
 A - a potion of ambrosia {unknown}
Books
 b - a book of Frost

   Spells                             Type                      Level
   a - Freeze                         Ice                          1
   b - Throw Frost                    Conjuration/Ice              2
   c - Ozocubu's Armour               Charms/Ice                   3
   d - Throw Icicle                   Conjuration/Ice              4
   e - Summon Ice Beast               Ice/Summoning                4
Comestibles
 c - 6 bread rations
 t - a meat ration


   Skills:
 + Level 4.9 Dodging
 - Level 2.1 Stealth
 + Level 3.5 Spellcasting
   Level 0.7 Conjurations
 + Level 5.0 Ice Magic


You had 8 spell levels left.
You knew the following spells:

 Your Spells              Type           Power        Failure   Level  Hunger
a - Freeze                Ice            ###.         2%          1    #......
b - Ozocubu's Armour      Chrm/Ice       #.......     24%         3    ###....


Dungeon Overview and Level Annotations

Branches:
Dungeon (3/15)

Altars:
Fedhas
Gozag
Kikubaaqudgha
Nemelex Xobeh
Qazlal
Xom

Annotations:
D:3 Chiseanne's ghost, weakling DsWz; Natasha


Innate Abilities, Weirdness & Mutations

You revert to your normal form in water.
You are very nimble and swift while swimming.
Armour fits poorly on your strangely shaped body.
You regenerate slowly when monsters are visible.
Your muscles are strong. (Str +2)


Message History

You feel sick. The orc barely misses you. Something hits you.
* * * LOW HITPOINT WARNING * * *
You are more poisoned.
Drink which item? (? for menu, Esc to quit)
It was a potion of curing.
You feel better.
The orc wizard casts a spell.
The orc wizard blinks!
The orc throws a tomahawk.
The tomahawk barely misses you. The orc hits you.
* * * LOW HITPOINT WARNING * * *
Something hits you.
* * * LOW HITPOINT WARNING * * *
You are lethally poisoned!
Drink which item? (? for menu, Esc to quit)
It was a potion of mutation.
You feel extremely strange.
Your body twists and deforms.
You feel stronger.
Your natural regeneration is weakened.
* * * LOW HITPOINT WARNING * * *
You feel sick.
The orc throws a tomahawk.
The tomahawk closely misses you. The orc completely misses you.
Something hits you.
You die...

#####.##.#
#........#
#.[......# ###
#........###..
#..).........# ###
#........##### #.#
########......
##.#################
#.o@................
##{#################
#.# #o# #.# #.# #.#
#o# #.#


You could see an orc wizard and 2 orcs.

Vanquished Creatures
  An orc wizard (D:3)
  Terence (D:3)
  Robin (D:2)
  A howler monkey zombie (D:2)
  3 adders
  2 adder skeletons (D:2)
  3 adder zombies
  2 worms
  3 dart slugs
  A giant gecko (D:1)
  2 bat skeletons (D:2)
  6 giant cockroaches
  23 goblins
  4 hobgoblins
  13 jackals
  2 quokkas
  6 bats
  A giant newt (D:3)
  6 kobolds
  5 rats
86 creatures vanquished.

Vanquished Creatures (others)
  An adder (D:2)
1 creature vanquished.

Grand Total: 87 creatures vanquished

Notes
Turn   | Place    | Note
--------------------------------------------------------------
     0 | D:1      | oplop the Merfolk Ice Elementalist began the quest for the Orb.
     0 | D:1      | Reached XP level 1. HP: 13/13 MP: 3/3
   218 | D:1      | Reached XP level 2. HP: 19/19 MP: 5/5
   911 | D:2      | Reached XP level 3. HP: 18/24 MP: 6/6
  1178 | D:2      | Found a stormy altar of Qazlal.
  1330 | D:2      | Reached skill level 4 in Ice Magic
  1330 | D:2      | Reached XP level 4. HP: 21/30 MP: 7/7
  1378 | D:2      | Found an ancient bone altar of Kikubaaqudgha.
  1379 | D:2      | Found a blossoming altar of Fedhas.
  1389 | D:2      | Learned a level 3 spell: Ozocubu's Armour
  2127 | D:2      | Noticed Robin
  2169 | D:2      | Killed Robin
  2173 | D:2      | Reached XP level 5. HP: 28/35 MP: 1/9
  2368 | D:3      | Noticed Chiseanne's ghost (weakling DsWz)
  2486 | D:3      | Noticed Terence
  2522 | D:3      | Killed Terence
  3173 | D:3      | Found an opulent altar of Gozag.
  3176 | D:3      | Found a sparkling altar of Nemelex Xobeh.
  3179 | D:3      | Found a shimmering altar of Xom.
  3317 | D:3      | Noticed Natasha
  3690 | D:3      | Reached skill level 5 in Ice Magic
  3690 | D:3      | Reached XP level 6. HP: 26/41 MP: 7/11
  3699 | D:3      | HP: 2/41 [something (4)]
  3700 | D:3      | Gained mutation: Armour fits poorly on your strangely shaped body. [potion of mutation]
  3700 | D:3      | Gained mutation: Your muscles are strong. (Str +2) [potion of mutation]
  3700 | D:3      | Gained mutation: You regenerate slowly when monsters are visible. [potion of mutation]
  3700 | D:3      | Slain by an orc wizard

Skill      XL: |  1  2  3  4  5 |
---------------+----------------+-----
Dodging        | 3 4 |  4.9
Ice Magic      | 4 5 |  5.0
Spellcasting   | 3 |  3.5
Stealth        | |  2.1
Conjurations   | |  0.7

Action                   |  1- 3 |  4- 6 || total
-------------------------+-------+-------++-------
Melee: Short sword       |    82 |    91 ||   173
       Dagger            |       |   149 ||   149
       Tailslap          |       |     2 ||     2
 Cast: Freeze            |    16 |    19 ||    35
       Ozocubu's Armour  |       |     8 ||     8
  Use: Potion            |       |     3 ||     3
 Stab: Sleeping          |     5 |     7 ||    12
  Eat: Meat ration       |     1 |       ||     1
       Chunk             |       |     6 ||     6
Armor: Robe              |    23 |    75 ||    98
Dodge: Dodged            |    99 |   321 ||   420
